3AAA
VERMONT LAKE MONSTERS @ SIOUX FALLS RED PANDAS
08/22/2022
 
TOP OF THE 1ST
Vermont Lake Monsters batting - Pitching for Sioux Falls Red Pandas : RHP Henri Pollini
Pitching: RHP Henri Pollini
Batting: RHB Fernando Castro 0-0: Ball
1-0: Ball
2-0: Called Strike
2-1: Fly out, F9 (Flyball, 89M)
Batting: LHB Reijiro Sato 0-0: Ball
1-0: Ball
2-0: Called Strike
2-1: Swinging Strike
2-2: Ball
3-2: Fly out, F9 (Flyball, 9M)
Batting: RHB Ray John 0-0: Called Strike
0-1: Ball
1-1: Foul Ball, location: 2F
1-2: Fly out, F7 (Flyball, 78M)
Top of the 1st over - 0 run(s), 0 hit(s), 0 error(s), 0 left on base; Vermont 0 - Sioux Falls 0
BOTTOM OF THE 1ST
Sioux Falls Red Pandas batting - Pitching for Vermont Lake Monsters : RHP Ted Thompson
Pitching: RHP Ted Thompson
Batting: RHB Rubén Marino 0-0: Called Strike
0-1: Swinging Strike
0-2: Ball
1-2: Strikes out swinging
Batting: SHB Juan Brito 0-0: Ball
1-0: Foul Ball, location: 2F
1-1: Swinging Strike
1-2: Strikes out looking
Batting: LHB Thomas Campbell 0-0: Foul Ball, location: 2F
0-1: Foul Ball, location: 2F
0-2: Foul Ball, location: 2F
0-2: Ball
1-2: Ball
2-2: SINGLE (Line Drive, 34D)
Batting: RHB Eduardo Sánchez 0-0: Ball
1-0: Swinging Strike
1-1: Called Strike
1-2: Ball
2-2: Foul Ball, location: 2F
2-2: Strikes out swinging
Bottom of the 1st over - 0 run(s), 1 hit(s), 0 error(s), 1 left on base; Vermont 0 - Sioux Falls 0
TOP OF THE 2ND
Vermont Lake Monsters batting - Pitching for Sioux Falls Red Pandas : RHP Henri Pollini
Batting: RHB Teddy Pelham 0-0: Ball
1-0: Ball
2-0: Ball
3-0: Called Strike
3-1: Swinging Strike
3-2: Ground out 4-3 (Groundball, 4)
Batting: RHB Keith Fish 0-0: Swinging Strike
0-1: Ball
1-1: Ball
2-1: Foul Ball, location: 2F
2-2: Ball
3-2: SINGLE (Popup, 5D)
Batting: RHB Joe Shaw 0-0: Ball
1-0: Foul Ball, location: 2F
1-1: Ball
2-1: DOUBLE (Groundball, 5L)
Keith Fish to third
Batting: RHB Carlos Padilla 0-0: Ball
1-0: Ball
2-0: SINGLE (Groundball, 6)
Keith Fish scores
Joe Shaw to third
Runner from 3rd tries for Home, SAFE, no throw or cutoff
Batting: RHB Craig Stewart 0-0: Called Strike
0-1: Called Strike
0-2: Foul Ball, location: 2F
0-2: SINGLE (Line Drive, 8RS)
Carlos Padilla to second
Batting: SHB Arturo Robles 0-0: Fielders Choice at 2nd, 6-4 (Groundball, 6M)
Carlos Padilla to third
Batting: RHB Fernando Castro 0-0: Called Strike
0-1: SINGLE (Groundball, 56D)
Carlos Padilla scores
Arturo Robles to second
Batting: LHB Reijiro Sato 0-0: Swinging Strike
0-1: Foul Ball, location: 2F
0-2: Ball
1-2: Ball
2-2: Foul Ball, location: 2F
2-2: Foul Ball, location: 2F
2-2: 3-RUN HOME RUN (Line Drive, 7LD), Distance : 404 ft
Batting: RHB Ray John 0-0: Foul Ball, location: 2F
0-1: Foul Ball, location: 2F
0-2: Ball
1-2: Ball
2-2: Ground out 5-3 (Groundball, 56)
Top of the 2nd over - 6 run(s), 6 hit(s), 0 error(s), 0 left on base; Vermont 6 - Sioux Falls 0
BOTTOM OF THE 2ND
Sioux Falls Red Pandas batting - Pitching for Vermont Lake Monsters : RHP Ted Thompson
Batting: LHB Steve Riggs 0-0: Called Strike
0-1: Foul Ball, location: 2F
0-2: Strikes out looking
Batting: RHB Jesús Martínez 0-0: Called Strike
0-1: Ball
1-1: Ball
2-1: Ball
3-1: Foul Ball, location: 2F
3-2: Base on Balls
Batting: LHB Pancho Ruíz 0-0: Called Strike
0-1: Ball
1-1: Foul Ball, location: 2F
1-2: Ball
2-2: Ball
3-2: Foul Ball, location: 2F
3-2: Base on Balls
Jesús Martínez to second
Batting: RHB Jean Chamissa 0-0: Ball
1-0: Ball
2-0: Swinging Strike
2-1: Called Strike
2-2: Foul Ball, location: 2F
2-2: Strikes out swinging
Batting: RHB Pablo León 0-0: SINGLE (Flyball, 89S)
Jesús Martínez to third
Pancho Ruíz to second
Runner from 3rd tries for Home, SAFE, throw made home
Pancho Ruíz to third
Pablo León to second
Batting: RHB Rubén Marino 0-0: Called Strike
0-1: Foul Ball, location: 2F
0-2: Ball
1-2: Ball
2-2: Ground out U3 (Groundball, 3)
Bottom of the 2nd over - 1 run(s), 1 hit(s), 0 error(s), 2 left on base; Vermont 6 - Sioux Falls 1
TOP OF THE 3RD
Vermont Lake Monsters batting - Pitching for Sioux Falls Red Pandas : RHP Henri Pollini
Batting: RHB Teddy Pelham 0-0: Foul Ball, location: 2F
0-1: Ball
1-1: Ball
2-1: Ball
3-1: Foul Ball, location: 2F
3-2: Strikes out swinging
Batting: RHB Keith Fish 0-0: Called Strike
0-1: SINGLE (Groundball, 6MD)
Pitching: RHP Stephen Dowell
Batting: RHB Joe Shaw 0-0: Ball
1-0: Called Strike
Keith Fish steals 2nd base
1-1: Ball
Keith Fish steals 3rd base
2-1: Ball
3-1: Called Strike
3-2: Ground out 5-3 (Groundball, 5)
Batting: RHB Carlos Padilla 0-0: Ground out U3 (Groundball, 3S)
Top of the 3rd over - 0 run(s), 1 hit(s), 0 error(s), 1 left on base; Vermont 6 - Sioux Falls 1
BOTTOM OF THE 3RD
Sioux Falls Red Pandas batting - Pitching for Vermont Lake Monsters : RHP Ted Thompson
Batting: SHB Juan Brito 0-0: Called Strike
0-1: Ball
1-1: SINGLE (Line Drive, 9S)
Batting: LHB Thomas Campbell 0-0: Called Strike
0-1: Foul Ball, location: 2F
0-2: Strikes out looking
Batting: RHB Eduardo Sánchez 0-0: Ball
1-0: SINGLE (Groundball, 56D)
Juan Brito to second
Batting: LHB Steve Riggs 0-0: Swinging Strike
0-1: Ball
1-1: Foul Ball, location: 2F
1-2: Ball
2-2: Fly out, F6 (Popup, 56D)
Batting: RHB Jesús Martínez 0-0: Ball
1-0: TRIPLE (Flyball, 9LM)
Juan Brito scores
Eduardo Sánchez scores
Batting: LHB Pancho Ruíz 0-0: Called Strike
0-1: Ball
1-1: Ball
Wild Pitch!
Jesús Martínez scores
2-1: Foul Ball, location: 2F
2-2: Foul Ball, location: 2F
2-2: Ground out 4-3 (Groundball, 4)
Bottom of the 3rd over - 3 run(s), 3 hit(s), 0 error(s), 0 left on base; Vermont 6 - Sioux Falls 4
TOP OF THE 4TH
Vermont Lake Monsters batting - Pitching for Sioux Falls Red Pandas : RHP Stephen Dowell
Batting: RHB Craig Stewart 0-0: Called Strike
0-1: Ground out 5-3 (Groundball, 56S)
Batting: SHB Arturo Robles 0-0: SINGLE (Line Drive, 6)
Batting: RHB Fernando Castro 0-0: Ball
Arturo Robles is caught stealing 2nd base
1-0: Ball
2-0: Ball
3-0: Base on Balls
Batting: LHB Reijiro Sato 0-0: Ball
1-0: Ball
Fernando Castro is caught stealing 2nd base
Top of the 4th over - 0 run(s), 1 hit(s), 0 error(s), 0 left on base; Vermont 6 - Sioux Falls 4
BOTTOM OF THE 4TH
Sioux Falls Red Pandas batting - Pitching for Vermont Lake Monsters : RHP Ted Thompson
Batting: RHB Jean Chamissa 0-0: Ball
1-0: SINGLE (Line Drive, 7S)
Batting: RHB Pablo León 0-0: Fly out, F9 (Line Drive, 89S)
0-0: Fly out, F9 (Line Drive, 89S)
Batting: RHB Rubén Marino 0-0: Ground out 2-3 (Groundball, 25)
Jean Chamissa to second
Batting: SHB Juan Brito 0-0: Hit by Pitch
Batting: LHB Thomas Campbell 0-0: Ball
1-0: Ball
2-0: Foul Ball, location: 2F
2-1: Fly out, F9 (Flyball, 9S)
Bottom of the 4th over - 0 run(s), 1 hit(s), 0 error(s), 2 left on base; Vermont 6 - Sioux Falls 4
TOP OF THE 5TH
Vermont Lake Monsters batting - Pitching for Sioux Falls Red Pandas : RHP Stephen Dowell
Batting: LHB Reijiro Sato 0-0: Foul Ball, location: 2F
0-1: Ball
1-1: Foul Ball, location: 2F
1-2: Foul Ball, location: 2F
1-2: Ball
2-2: Ball
3-2: SINGLE (Flyball, 7LS)
Batting: RHB Ray John 0-0: Ball
1-0: Ball
2-0: Called Strike
2-1: Ball
3-1: Grounds into double play, 5-4-3 (Groundball, 56)
Batting: RHB Teddy Pelham 0-0: Fly out, F8 (Flyball, 8LM)
Top of the 5th over - 0 run(s), 1 hit(s), 0 error(s), 0 left on base; Vermont 6 - Sioux Falls 4
BOTTOM OF THE 5TH
Sioux Falls Red Pandas batting - Pitching for Vermont Lake Monsters : RHP Ted Thompson
Batting: RHB Eduardo Sánchez 0-0: Swinging Strike
0-1: Ground out 5-3 (Groundball, 56S)
Batting: LHB Steve Riggs 0-0: Ball
1-0: Foul Ball, location: 2F
1-1: Swinging Strike
1-2: DOUBLE (Flyball, 7D)
Batting: RHB Jesús Martínez 0-0: Foul Ball, location: 2F
0-1: Ball
1-1: Foul Ball, location: 2F
1-2: Ball
2-2: SINGLE (Groundball, 6)
Steve Riggs to third
Runner from 3rd tries for Home, throw and OUT!
Batting: LHB Pancho Ruíz 0-0: Called Strike
0-1: Ball
1-1: Foul Ball, location: 2F
1-2: Ball
2-2: Ball
3-2: Fly out, F4 (Flyball, 8RS)
Bottom of the 5th over - 0 run(s), 2 hit(s), 0 error(s), 1 left on base; Vermont 6 - Sioux Falls 4
TOP OF THE 6TH
Vermont Lake Monsters batting - Pitching for Sioux Falls Red Pandas : RHP Stephen Dowell
Batting: RHB Keith Fish 0-0: SINGLE (Line Drive, 89S)
Batting: RHB Joe Shaw 0-0: Ball
1-0: Sac Bunt - play at first, batter OUT! 1-3
Keith Fish to second
Batting: RHB Carlos Padilla 0-0: Foul Ball, location: 2F
0-1: SINGLE (Line Drive, 89S)
Keith Fish to third
Runner from 3rd tries for Home, SAFE, no throw or cutoff
Batting: RHB Craig Stewart 0-0: Ball
1-0: Ball
2-0: Ball
3-0: Called Strike
3-1: Base on Balls
Carlos Padilla to second
Batting: SHB Arturo Robles 0-0: Foul Ball, location: 2F
0-1: Ball
1-1: Ball
2-1: SINGLE (Line Drive, 9S)
Carlos Padilla to third
Craig Stewart to second
Pitching: LHP José Hernández
Batting: RHB Fernando Castro 0-0: Ball
1-0: Swinging Strike
1-1: Foul Ball, location: 2F
1-2: Foul Ball, location: 2F
1-2: Ball
2-2: Ball
3-2: Fly out, F8 (Flyball, 8LM)
Runner from 3rd tags up, SCORES, throw made
Batting: LHB Reijiro Sato 0-0: Fly out, F6 (Line Drive, 6)
Top of the 6th over - 2 run(s), 3 hit(s), 0 error(s), 2 left on base; Vermont 8 - Sioux Falls 4
BOTTOM OF THE 6TH
Sioux Falls Red Pandas batting - Pitching for Vermont Lake Monsters : RHP Ted Thompson
Batting: RHB Jean Chamissa 0-0: Called Strike
0-1: Foul Ball, location: 2F
0-2: Ground out 1-3 (Groundball, 15S)
Batting: RHB Pablo León 0-0: Called Strike
0-1: Ball
1-1: Ball
2-1: Ground out 4-3 (Groundball, 4M)
Batting: RHB Rubén Marino 0-0: Ball
1-0: Ball
2-0: Ball
3-0: Base on Balls
Pitching: RHP Jorge Ayala
Batting: SHB Juan Brito 0-0: Swinging Strike
0-1: Called Strike
Rubén Marino is caught stealing 2nd base
Bottom of the 6th over - 0 run(s), 0 hit(s), 0 error(s), 0 left on base; Vermont 8 - Sioux Falls 4
TOP OF THE 7TH
Vermont Lake Monsters batting - Pitching for Sioux Falls Red Pandas : LHP José Hernández
Batting: RHB Ray John 0-0: Ball
1-0: Ball
2-0: Ball
3-0: Foul Ball, location: 2F
3-1: Base on Balls
Batting: RHB Teddy Pelham 0-0: Foul Ball, location: 2F
0-1: Called Strike
0-2: SINGLE (Groundball, 3L)
Ray John to second
Runner from 2nd tries for 3rd, SAFE, throw made to third
Batting: RHB Keith Fish 0-0: Foul Ball, location: 2F
0-1: Ball
1-1: Ball
2-1: Foul Ball, location: 2F
2-2: Grounds into double play, 6-4-3 (Groundball, 6)
Ray John scores
Batting: RHB Joe Shaw 0-0: Foul Ball, location: 2F
0-1: Ball
1-1: Ball
2-1: Ball
3-1: Foul Ball, location: 2F
3-2: Base on Balls
Batting: RHB Carlos Padilla 0-0: SINGLE (Line Drive, 6D)
Joe Shaw to second
Pitching: RHP Eduardo Romero
Batting: RHB Craig Stewart 0-0: Called Strike
0-1: Ball
1-1: Called Strike
1-2: Ball
2-2: Foul Ball, location: 2F
2-2: Foul Ball, location: 2F
2-2: Foul Ball, location: 2F
2-2: Ground out 5-3 (Groundball, 5S)
Top of the 7th over - 1 run(s), 2 hit(s), 0 error(s), 2 left on base; Vermont 9 - Sioux Falls 4
BOTTOM OF THE 7TH
Sioux Falls Red Pandas batting - Pitching for Vermont Lake Monsters : RHP Jorge Ayala
Batting: SHB Juan Brito 0-0: Called Strike
0-1: Ball
1-1: Called Strike
1-2: Fly out, F4 (Popup, 4D)
Batting: LHB Thomas Campbell 0-0: Called Strike
0-1: Ball
1-1: Ball
2-1: Foul Ball, location: 2F
2-2: Fly out, F4 (Popup, 4M)
Batting: RHB Eduardo Sánchez 0-0: Called Strike
0-1: Ball
1-1: Swinging Strike
1-2: Strikes out looking
Bottom of the 7th over - 0 run(s), 0 hit(s), 0 error(s), 0 left on base; Vermont 9 - Sioux Falls 4
TOP OF THE 8TH
Vermont Lake Monsters batting - Pitching for Sioux Falls Red Pandas : RHP Eduardo Romero
Batting: SHB Arturo Robles 0-0: Called Strike
0-1: Called Strike
0-2: SINGLE (Groundball, 34S)
Batting: RHB Fernando Castro 0-0: Ball
1-0: Ground out 6-3 (Groundball, 6)
Arturo Robles to second
Batting: LHB Reijiro Sato 0-0: Ball
1-0: Ball
2-0: Called Strike
2-1: Swinging Strike
2-2: Strikes out swinging
Batting: RHB Ray John 0-0: Ball
1-0: Reached on error, E6 (Groundball, 6S)
Arturo Robles to third
Batting: RHB Teddy Pelham 0-0: Swinging Strike
0-1: Reached on Error, E8 (Flyball, 8RM)
Arturo Robles scores
Ray John to third
Batting: RHB Keith Fish 0-0: Ball
1-0: Ball
2-0: Ball
3-0: Called Strike
3-1: Called Strike
3-2: DOUBLE (Groundball, 5L)
Ray John scores
Teddy Pelham scores
Batting: RHB Joe Shaw 0-0: Called Strike
0-1: Ball
1-1: Swinging Strike
1-2: DOUBLE (Popup, 4D)
Keith Fish scores
Pitching: LHP Bob Stewart
Batting: RHB Carlos Padilla 0-0: Swinging Strike
0-1: Ball
1-1: Ball
2-1: Ball
3-1: Base on Balls
Batting: RHB Craig Stewart 0-0: Called Strike
0-1: Ball
1-1: Called Strike
1-2: SINGLE (Flyball, 78S)
Joe Shaw to third
Carlos Padilla to second
Runner from 3rd tries for Home, SAFE, throw made home
Carlos Padilla to third
Craig Stewart to second
Batting: SHB Arturo Robles 0-0: Ground out 4-3 (Groundball, 34)
Top of the 8th over - 5 run(s), 4 hit(s), 2 error(s), 2 left on base; Vermont 14 - Sioux Falls 4
BOTTOM OF THE 8TH
Sioux Falls Red Pandas batting - Pitching for Vermont Lake Monsters : RHP Jorge Ayala
Batting: LHB Steve Riggs 0-0: Swinging Strike
0-1: Ball
1-1: Ball
2-1: Ball
3-1: Base on Balls
Batting: RHB Jesús Martínez 0-0: Ball
1-0: Called Strike
1-1: Ball
2-1: 2-RUN HOME RUN (Flyball, 8RXD), Distance : 463 ft
Batting: LHB Pancho Ruíz 0-0: Foul Ball, location: 2F
0-1: Ball
1-1: Foul Ball, location: 2F
1-2: Foul Ball, location: 2F
1-2: Foul Ball, location: 2F
1-2: Ball
2-2: Ground out 4-3 (Groundball, 4M)
Batting: RHB Jean Chamissa 0-0: Swinging Strike
0-1: Called Strike
0-2: Strikes out swinging
Batting: RHB Pablo León 0-0: Ball
1-0: Ball
2-0: Ball
3-0: Called Strike
3-1: Base on Balls
Batting: RHB Rubén Marino 0-0: Ball
1-0: Foul Ball, location: 2F
1-1: SINGLE (Line Drive, 5D)
Pablo León to second
Batting: SHB Juan Brito 0-0: Fly out, F8 (Flyball, 8RD)
Bottom of the 8th over - 2 run(s), 2 hit(s), 0 error(s), 2 left on base; Vermont 14 - Sioux Falls 6
TOP OF THE 9TH
Vermont Lake Monsters batting - Pitching for Sioux Falls Red Pandas : LHP Bob Stewart
Batting: RHB Fernando Castro 0-0: Foul Ball, location: 2F
0-1: Ball
1-1: Called Strike
1-2: Ball
2-2: Ball
3-2: Fly out, F9 (Line Drive, 9M)
Batting: LHB Reijiro Sato 0-0: Ball
1-0: Ground out 5-3 (Groundball, 56S)
Batting: RHB Ray John 0-0: Ball
1-0: Ball
2-0: Foul Ball, location: 2F
2-1: Ball
3-1: Fly out, F9 (Line Drive, 89S)
Top of the 9th over - 0 run(s), 0 hit(s), 0 error(s), 0 left on base; Vermont 14 - Sioux Falls 6
BOTTOM OF THE 9TH
Sioux Falls Red Pandas batting - Pitching for Vermont Lake Monsters : RHP Jorge Ayala
Pitching: LHP Carl Dyess
Batting: LHB Thomas Campbell 0-0: Ball
1-0: Called Strike
1-1: Ball
2-1: Ball
3-1: Base on Balls
Batting: RHB Eduardo Sánchez 0-0: Called Strike
0-1: Called Strike
0-2: Foul Ball, location: 2F
0-2: Grounds into double play, 6-4-3 (Groundball, 6)
Batting: LHB Steve Riggs 0-0: Ball
1-0: Swinging Strike
1-1: Ball
2-1: Swinging Strike
2-2: Strikes out swinging
Bottom of the 9th over - 0 run(s), 0 hit(s), 0 error(s), 0 left on base; Vermont 14 - Sioux Falls 6
This league is powered by Out of the Park Baseball, the baseball management simulation game for PC, Mac and Linux
Friday, April 15th, 2016 - OOTP Baseball 16.9 Build 39